 Dungeon Crawl Stone Soup version 0.29.1-15-g9cfb28693d (webtiles) character file.

Game seed: 9534095143718823353

46 hawla the Firebug (level 4, -12/33 HPs)
             Began as a Meteoran Fire Elementalist on Feb 27, 2023.
             Mangled by an ogre
             ... wielding a +0 giant spiked club
              (18 damage)
             ... on level 4 of the Dungeon.
             The game lasted 00:03:52 (257 turns).

hawla the Firebug (Meteoran Fire Elementalist)       Turns: 257, Time: 00:03:52

Health: -12/33     AC:  2    Str:  7 (9)  XL:     4   Next: 13%
Magic:  9/9        EV: 12    Int: 16 (19) God:
Gold:   102        SH:  0    Dex: 11 (14) Spells: 2/9 levels left

rFire   . . .      SeeInvis .   (no weapon)
rCold   . . .      Faith    .   (no shield)
rNeg    . . .      Spirit   .   a - +0 robe
rPois   .          Reflect  .   (no helmet)
rElec   .          Harm     .   (no cloak)
rCorr   .          Rampage  .   (no gloves)
Will    .....                   (no boots)
Stlth   +.........              (no amulet)
HPRegen 0.11/turn               (no ring)
MPRegen 0.11/turn               (no ring)

@: on berserk cooldown, slowed, glowing, very slow
A: sense surroundings 1, otherworldly, glowing, explore regen
a: no special abilities


You were on level 4 of the Dungeon.
You visited 1 branch of the dungeon, and saw 4 of its levels.

You collected 102 gold pieces.

Inventory:

Armour
 a - a +0 robe (worn)
Potions
 e - a potion of invisibility


   Skills:
 + Level 0.1 Fighting
 + Level 3.2 Dodging
 - Level 1.4 Stealth
 + Level 3.2 Spellcasting
 + Level 1.3 Conjurations
 + Level 4.6 Fire Magic


You had 2 spell levels left.
You knew the following spells:

 Your Spells              Type           Power      Damage    Failure   Level
a - Foxfire               Conj/Fire      48%        2x1d6     5%          1
b - Scorch                Fire           34%        2d7       4%          2
c - Flame Wave            Conj/Fire      12%        2d6       47%         4

Your spell library contained the following spells:

 Spells                   Type           Power      Damage    Failure   Level
 Conjure Flame            Conj/Fire      12%        6-21      16%         3
 Inner Flame              Hex/Fire       10%        N/A       22%         3


Dungeon Overview and Level Annotations

Branches:
Dungeon (4/15) Zot: 2138
 Temple: D:4-7

Altars:


Innate Abilities, Weirdness & Mutations

You passively map a small area around you.
You are easily found by Zot.
You glow in the dark.
You regain HP and MP as you explore.


Message History

Confirm with . or Enter, or press ? or * to list all spells.
Flames lash the ogre.
The ogre is lightly wounded.
The ogre's fire resistance burns away.
The orc barely misses you.
An orc comes into view. It is wielding a +0 whip.
The orc shouts!
You hit the orc.
The orc is moderately wounded.
The orc hits you with a +0 club.
* * * LOW HITPOINT WARNING * * *
The ogre closely misses you.
You aren't carrying any scrolls.
It was a potion of degeneration.
There was something very wrong with that liquid.
You feel weakened.
You feel dopey.
You feel clumsy.
The ogre is no longer more vulnerable to fire.
The orc closely misses you. The ogre closely misses you.
Unknown command.
Casting: Scorch (safe; 4% risk of failure)
Confirm with . or Enter, or press ? or * to list all spells.
Flames lash the orc.
The orc is heavily wounded.
The orc's fire resistance burns away.
The orc hits you with a +0 dagger.
* * * LOW HITPOINT WARNING * * *
The ogre misses you. The orc closely misses you.
Casting: Scorch (safe; 4% risk of failure)
Confirm with . or Enter, or press ? or * to list all spells.
Flames lash the orc.
You kill the orc!
The orc misses you. The ogre closely misses you.
Unknown command.
Casting: Scorch (safe; 4% risk of failure)
Confirm with . or Enter, or press ? or * to list all spells.
You don't have enough magic to cast this spell.
Magic courses through your body.
The orc is no longer more vulnerable to fire.
The orc misses you.
The ogre hits you with a +0 giant spiked club!!
Ouch! That really hurt!
You die...

,***,****** *,* #
** *,* #.# # ****,*
#.#********** #
,,,,,*
******#..,,,,,,,,,*
# ******
*,,,,,...,,******,*
# *,****#.#*,* *,*
# *,* #o#*,* #.# #
*,* #o#*,* #.# #
**********,*
#@#*,### #.# #
,,,,,,,,,,>*
#O#*,..# #.# #
************
#.#**#.# #.# * #.#
##.## #.# *
#.###)..###.# ****
#...).......# *,,,
#.###.O.##### *,**
#.# ##.## *,*
#.#**#.# *,**


You could see an ogre and 2 orcs.

Vanquished Creatures
  An orc wizard (D:4)
  An adder (D:3)
  2 orcs (D:4)
  2 bats
  A goblin (D:2)
  2 ball pythons
  2 kobolds (D:1)
11 creatures vanquished.

Vanquished Creatures (others)
  23 foxfires
  A withered plant (D:4)
24 creatures vanquished.

Grand Total: 35 creatures vanquished

Notes
Turn   | Place    | Note
-------+----------+-------------------------------------------
     0 | D:1      | hawla the Meteoran Fire Elementalist began the quest for
                  | the Orb.
     0 | D:1      | Reached XP level 1. HP: 14/14 MP: 5/5
    62 | D:2      | Reached XP level 2. HP: 19/20 MP: 2/6
    69 | D:2      | Learned a level 2 spell: Scorch
   133 | D:3      | Found a faded altar of an unknown god.
   141 | D:3      | Reached skill level 4 in Fire Magic
   141 | D:3      | Reached XP level 3. HP: 26/26 MP: 4/8
   207 | D:4      | Reached XP level 4. HP: 8/33 MP: 4/9
   224 | D:4      | Learned a level 4 spell: Flame Wave
   234 | D:4      | Noticed an ogre
   257 | D:4      | Mangled by an ogre

Illustrated notes

Levels and vault maps discovered:
D:1:      heliophobic_arrival_enchanted_forest, layout_loops_ring,
          nicolae_figureground_pulse
D:2:      layout_basic, guppyfry_early_lair_pool
D:3:      layout_basic, chequers_ecumenical_altar_simple_redux
D:4:      layout_loops_ring, grunt_temple_overflow_growth_and_decay,
          uniq_sigmund, uniq_grinder

Skill      XL: |  1  2  3 |
---------------+----------+-----
Spellcasting   | 3 |  3.2
Fire Magic     | 4 |  4.6
Dodging        | 3 |  3.2
Fighting       | |  0.1
Stealth        | |  1.4
Conjurations   | |  1.3

Action                   |  1- 3 |  4- 6 || total
-------------------------+-------+-------++-------
Melee: Unarmed           |     3 |     3 ||     6
 Cast: Foxfire           |     9 |     4 ||    13
       Scorch            |     2 |     3 ||     5
  Use: Scroll            |     3 |     1 ||     4
       Potion            |       |     3 ||     3
Armor: Robe              |     3 |       ||     3
Dodge: Dodged            |     6 |    10 ||    16
